Map: Solaris LE

Players

Subwayeatn - Winner!

  • Race: Zerg Zerg
  • League: Gold
  • Spawn Location: 7:00

BigMeat

  • Race: Zerg Zerg
  • League: Platinum
  • Spawn Location: 1:00

VOD

Have the link to the VOD?

Description

Time

  • Played on: Oct. 19, 2023, 5:10 p.m.
  • Length: 18:58
Show
View Real Time Build Order
Export as new Build Order

Subwayeatn Zerg - Winner!

Build Orders: Hatch First 

Get SALT Encoding   

  12  0:00  Drone  
  13  0:12  Overlord  
  13  0:16  Drone  
  14  0:31  Drone x2  
  16  0:49  Hatchery  
  15  0:52  Drone  
  15  0:55  Drone  
  17  1:00  Drone  
  17  1:02  Extractor  
  17  1:15  Spawning Pool  
  16  1:19  Drone  
  16  1:21  Drone  
  18  1:28  Drone  
  19  1:38  Drone  
  20  1:49  Overlord  
  20  2:02  Queen  
  20  2:03  Queen  
  20  2:07  Metabolic Boost  
  24  2:13  Zergling x2  
  24  2:14  Zergling x2  
  26  2:17  Zergling x2  
  27  2:24  Drone x2  
  27  2:26  Drone  
  30  2:32  Drone  
  30  2:36  Drone  
  32  2:54  Drone x3  
  35  3:00  Overlord  
  34  3:11  Zergling x4, Spine Crawler  
  34  3:12  Queen, Spine Crawler  
  33  3:18  Queen  
  37  3:24  Spine Crawler  
  37  3:26  Spine Crawler  
  29  4:05  Zergling x20  
  35  4:27  Zergling x6  
  35  4:28  Zergling x2  
  38  4:40  Zergling x12  
  35  4:53  Evolution Chamber  
  35  4:55  Baneling Nest  
  33  5:11  Zergling x10  
  34  5:28  Zerg Ground Armor Level 1  
  33  5:30  Zergling x2  
  33  5:31  Zergling x10  
  29  6:03  Drone x11  
  40  6:10  Baneling  
  40  6:11  Baneling x6  
  40  6:21  Overlord x3  
  40  6:39  Zergling x2  
  39  6:40  Zergling x12  
  39  6:45  Lair  
  45  6:54  Drone x2  
  47  7:08  Zergling x2  
  47  7:09  Zergling x6  
  50  7:17  Overlord  
  50  7:18  Drone  
  50  7:19  Drone  
  50  7:22  Extractor  
  51  7:23  Zergling x4  
  43  7:38  Zergling x8  
  46  7:45  Zergling x4  
  46  7:46  Zergling x6  
  51  8:02  Spire  
  51  8:04  Hatchery  
  49  8:06  Extractor  
  48  8:13  Drone x9  
  48  8:15  Extractor  
  48  8:17  Extractor  
  55  8:31  Overlord  
  55  8:39  Drone x3  
  58  8:43  Zerg Ground Armor Level 2  
  58  8:46  Centrifugal Hooks  
  58  8:48  Overlord  
  58  9:12  Drone x3  
  58  9:16  Mutalisk  
  58  9:17  Mutalisk x3  
  63  9:21  Queen  
  63  9:24  Drone x8  
  79  9:28  Zergling x2  
  79  9:29  Queen  
  82  9:47  Drone x3  
  82  9:48  Drone x3, Extractor  
  82  9:51  Mutalisk  
  82  9:52  Mutalisk x2  
  89  9:56  Overlord  
  89  9:57  Overlord x2  
  93  10:08  Drone x2  
  95  10:20  Zerg Flyer Armor Level 1  
  95  10:24  Mutalisk  
  95  10:25  Mutalisk x2  
  101  10:31  Overlord x2  
  101  10:37  Zergling x2  
  101  10:38  Zergling x2  
  101  10:40  Zergling x2, Infestation Pit  
  103  10:54  Baneling  
  103  10:55  Baneling x15  
  96  11:21  Mutalisk  
  96  11:22  Mutalisk x4  
  98  11:32  Zergling x12  
  98  11:33  Zergling x8  
  98  11:36  Overseer  
  98  11:38  Overseer  
  102  11:40  Overlord  
  102  11:43  Zergling x2  
  103  12:05  Drone x2  
  105  12:11  Overseer  
  105  12:18  Drone x2  
  107  12:29  Overlord x3  
  107  12:35  Extractor  
  107  12:36  Extractor, Hatchery  
  90  12:47  Overseer  
  62  13:12  Zergling x10  
  53  13:13  Zergling x26  
  57  13:34  Spawning Pool  
  57  13:40  Zerg Flyer Armor Level 2  
  51  13:41  Mutalisk x4  
  51  13:42  Mutalisk  
  60  13:48  Mutalisk  
  54  14:11  Extractor  
  54  14:15  Hatchery  
  52  14:22  Queen  
  52  14:23  Queen  
  56  14:43  Zergling x18  
  56  14:44  Zergling x8  
  69  14:58  Mutalisk x3  
  67  15:07  Queen  
  67  15:08  Drone x3  
  67  15:12  Baneling  
  67  15:13  Baneling x20  
  72  15:18  Drone x3  
  75  15:29  Drone x4  
  79  15:37  Hatchery  
  62  15:58  Zergling x2  
  62  15:59  Zergling x20  
  73  16:08  Spine Crawler  
  72  16:14  Queen  
  73  16:27  Zergling x2  
  73  16:28  Zergling x2  
  75  16:34  Mutalisk x5, Extractor  
  75  16:35  Mutalisk x5  
  75  16:36  Extractor  
  93  16:44  Drone  
  93  17:11  Baneling x8  
  93  17:13  Zergling x14  
  93  17:14  Zergling x20  
  110  17:17  Overlord  
  99  17:46  Drone x6  
  99  17:47  Drone x5  
  110  17:56  Drone x4  
  114  18:05  Overlord x2  
  114  18:31  Drone  
  114  18:32  Drone x3  
  118  18:35  Drone x3  
  118  18:36  Drone  
  118  18:41  Drone x7  
  125  18:42  Drone  
  125  18:43  Drone x2  
Show
View Real Time Build Order
Export as new Build Order

BigMeat Zerg 

Build Orders: Pool First 

Get SALT Encoding   

  12  0:00  Drone  
  13  0:12  Overlord  
  13  0:17  Drone  
  14  0:34  Spawning Pool  
  13  0:37  Drone  
  13  0:41  Drone  
  15  0:45  Drone  
  16  0:50  Drone  
  16  0:53  Extractor  
  16  0:59  Drone  
  17  1:11  Overlord  
  17  1:21  Queen  
  19  1:26  Overlord  
  19  1:33  Drone  
  20  1:46  Roach Warren  
  19  1:48  Zergling x2  
  20  1:57  Drone  
  21  2:30  Roach x3  
  21  2:31  Roach x3  
  33  2:44  Drone  
  33  2:58  Hatchery  
  32  3:08  Metabolic Boost  
  32  3:11  Zergling x10  
  37  3:27  Overlord  
  33  3:59  Zergling x8  
  33  4:00  Zergling x2  
  26  4:50  Queen, Evolution Chamber  
  26  4:52  Roach  
  28  4:53  Roach x8  
  39  5:20  Zerg Melee Weapons Level 1  
  33  5:22  Zergling x4  
  33  5:25  Drone x3  
  38  5:32  Drone x2  
  40  5:39  Hatchery  
  38  5:51  Roach x2  
  38  5:56  Queen  
  42  6:01  Roach  
  42  6:03  Overlord  
  44  6:07  Hatchery  
  43  6:11  Drone  
  44  6:20  Lair  
  44  6:22  Drone  
  45  6:31  Queen  
  45  6:41  Drone x3  
  48  6:47  Extractor  
  48  6:54  Drone  
  48  7:00  Ravager x2  
  50  7:04  Overlord  
  50  7:06  Drone  
  51  7:20  Drone x2  
  51  7:22  Drone  
  54  7:23  Drone x3  
  54  7:24  Extractor  
  54  7:25  Drone, Queen  
  59  7:47  Drone  
  59  7:48  Drone x2  
  59  7:49  Roach  
  64  7:54  Overlord x2  
  64  8:00  Drone  
  64  8:04  Burrow  
  65  8:11  Drone, Hydralisk Den  
  65  8:12  Queen  
  67  8:15  Zerg Missile Weapons Level 1  
  67  8:18  Overseer  
  67  8:27  Drone x2  
  67  8:28  Drone  
  70  8:35  Extractor  
  69  8:42  Hydralisk  
  69  8:43  Hydralisk x3  
  77  8:59  Drone  
  77  9:01  Roach  
  77  9:02  Zergling x2  
  81  9:03  Overlord x2  
  81  9:20  Nydus Network  
  80  9:40  Tunneling Claws  
  80  9:47  Hatchery  
  79  9:55  Hydralisk  
  79  9:56  Hydralisk x8  
  79  9:58  Overlord x2  
  97  10:01  Overlord  
  97  10:05  Spore Crawler  
  96  10:09  Spore Crawler  
  96  10:11  Grooved Spines  
  96  10:13  Overlord  
  95  10:30  Roach  
  95  10:31  Roach x6  
  95  10:35  Overlord  
  110  10:42  Drone  
  110  10:56  Roach x9  
  108  11:14  Roach x15  
  106  11:18  Hydralisk  
  106  11:19  Hydralisk x8  
  106  11:20  Hydralisk  
  110  11:35  Hydralisk  
  110  11:36  Hydralisk x3  
  118  11:57  Overlord x2  
  118  11:59  Zergling x4  
  120  12:06  Overlord  
  119  12:21  Roach x14  
  119  12:22  Zergling x24  
  131  12:23  Zergling x2  
  132  12:38  Nydus Canal  
  132  12:47  Hydralisk x2  
  132  12:48  Overlord x2  
  132  12:49  Overlord  
  118  13:11  Hydralisk  
  118  13:12  Hydralisk x4  
  111  13:20  Hydralisk  
  111  13:21  Hydralisk  
  103  13:39  Roach  
  67  14:02  Hydralisk  
  59  14:03  Hydralisk x9  
  79  14:15  Drone  
  79  14:16  Drone x2  
  82  14:40  Hatchery  
  82  14:44  Roach x2  
  82  14:45  Roach x4  
  91  15:14  Zerg Ground Armor Level 1  
  91  15:19  Zergling x6  
  91  15:20  Zergling x16  
  76  15:53  Hydralisk  
  76  15:54  Hydralisk x5  
  73  16:28  Hatchery  
  73  16:29  Hydralisk  
  73  16:30  Hydralisk  
  76  16:33  Roach x3  
  68  17:11  Hydralisk  
  68  17:12  Hydralisk x5  
  56  17:57  Roach x8  
  72  18:17  Zergling x2  
  72  18:18  Zergling x10  
Tags
 
Matchup
ZvZ
Race
Zerg
Replay Pack
Multiplayer
Spawn Locations
Cross Positions
Add a new tag
Caveats
  • Supply blocks, unpowered buildings, or Contaminate may cause inaccurate times.
  • Supply counts are checked every 10 seconds.